AoeStats
← 牛欢喜

Nomad

505494878Analyzed
4v4 RM · 22d ago on Sep 9, 2026· 42m 4s· 8 players
Game mode
Random Map
Map size
231×231
Population
200
Speed
Normal
Resources
Standard
Victory
Conquest
Starting age
Dark Age
Ending age
Imperial Age
RankedLock teamsTeams togetherTeam positionsShared explorationLock speedFull tech treeHidden civsTurbo modeCheats
Victory
Defeat
🇹🇷 Romans · Türkiye
1654
+14
🇩🇪 Khmer · Germany
1568
+18
🇨🇳 Sicilians · China
1564
+18
🇨🇳 Wu · China
1535
+19
🇨🇴 Celts · Colombia
1676
-21
🇲🇽 Magyars · Mexico
1633
-18
🇨🇴 Hindustanis · Colombia
1619
-18
🇦🇷 Spanish · Argentina
1490
-12
JavelinMen
3:02 Loom
12:55 Feudal Age
14:06 Double-Bit Axe
17:35 Horse Collar
22:32 Castle Age
21:10 Scale Barding Armor
23:44 Gold Mining
27:15 Wheelbarrow
39:50 Imperial Age
37:40 Hand Cart
牛欢喜
5:58 Loom
12:50 Feudal Age
15:58 Fletching
19:09 Double-Bit Axe
22:59 Castle Age
24:54 Bodkin Arrow
26:46 Bow Saw
27:30 Pikeman
咸酸菜
4:11 Loom
4:15 Loom
13:24 Feudal Age
18:00 Castle Age
16:14 Bloodlines
16:57 Scale Barding Armor
17:03 Forging
17:35 Horse Collar
17:44 Double-Bit Axe
19:34 Chain Barding Armor
23:28 Gold Mining
28:30 Wheelbarrow
27:40 Town Watch
28:52 Husbandry
35:04 Gold Shaft Mining
34:19 Stone Mining
39:39 Imperial Age
40:08 Iron Casting
39:41 Cavalier
41:01 Plate Barding Armor
40:30 Light Cavalry
Mewes96
12:09 Feudal Age
19:13 Castle Age
17:29 Double-Bit Axe
17:36 Gold Mining
20:07 Medium Warships
23:38 Wheelbarrow
22:48 Loom
24:42 Town Watch
25:03 Crossbowman
26:19 Fletching
26:31 Padded Archer Armor
27:07 Bodkin Arrow
29:24 Ballistics
42:09 Horse Collar
eL|Hooligan
9:58 Loom
12:59 Feudal Age
17:03 Castle Age
16:41 Town Watch
17:36 Fishing Lines
21:16 Wheelbarrow
20:32 Double-Bit Axe
26:55 Scale Barding Armor
30:28 Chain Barding Armor
44:09 Imperial Age
42:13 Fletching
MZTK | KaLiuM
7:16 Loom
12:31 Feudal Age
18:55 Castle Age
18:33 Double-Bit Axe
20:35 Town Watch
23:06 Scale Barding Armor
24:06 Wheelbarrow
JOLIAT
5:05 Loom
11:50 Feudal Age
12:21 Double-Bit Axe
13:45 Fletching
16:24 Horse Collar
24:13 Castle Age
24:00 Fishing Lines
24:20 Gold Mining
24:22 Stone Mining
24:52 Bodkin Arrow
25:08 Bow Saw
24:41 Demolition Ship
26:17 Medium Warships
27:44 Forging
27:47 Scale Barding Armor
28:06 Gillnets
28:25 Husbandry
30:24 Iron Casting
32:22 Wheelbarrow
31:50 Scale Mail Armor
34:53 Hand Cart
34:43 Heavy Plow
38:15 Chain Mail Armor
40:18 Padded Archer Armor
Hao_Arg
4:23 Loom
12:53 Feudal Age
16:46 Castle Age
16:31 Double-Bit Axe
17:32 Horse Collar
25:57 Heavy Plow
26:02 Gold Mining
27:40 Husbandry
30:21 Bow Saw
33:16 Wheelbarrow
36:08 Fletching
Connection lost

Rejoining the realm…

Still unreachable

The connection could not be restored.

Session expired

The server has moved on; the page needs a fresh start.